 Dungeon Crawl Stone Soup version 0.23-a0-860-g8ff03fb (webtiles) character file.

240 tidbits the Charmwright (level 6, 0/75 HPs)
             Began as a Gnoll Skald on Jan 27, 2019.
             Slain by an adder (4 damage)
             ... in a sewer.
             The game lasted 00:08:44 (869 turns).

tidbits the Charmwright (Gnoll Skald)                Turns: 869, Time: 00:08:45

Health: 0/75       AC:  7    Str: 18    XL:     6   Next: 8%
Magic:  9/13       EV: 10    Int: 18    God:
Gold:   30         SH:  0    Dex: 14    Spells: 4/15 levels left

rFire    . . .     SeeInvis .   a - +0 spear
rCold    . . .     Gourm    .   (no shield)
rNeg     + + .     Faith    .   b - +2 ring mail of the Vacuum {rN++ MR- rCorr}
rPois    .         Spirit   .   (no helmet)
rElec    .         Reflect  .   (no cloak)
rCorr    +         Harm     .   (no gloves)
MR       .....     Rnd*Tele +   (no boots)
Stlth    ..........             (no amulet)
HPRegen  0.22/turn              o - ring of teleportation (curse)
MPRegen  0.13/turn              (no ring)

@: berserking, lethally poisoned (0 -> -5), singing, very slightly contaminated,
hasted, constricted, very quick
A: distributed training, fangs 1, strong nose
a: no special abilities


You were in a sewer.
You were not hungry.

You visited 1 branch of the dungeon, and saw 4 of its levels.
You also visited: Sewer.

You collected 30 gold pieces.

Inventory:

Hand Weapons
 a - a +0 spear (weapon)
Missiles
 l - 50 arrows
 m - 28 sling bullets
Armour
 b - the +2 ring mail of the Vacuum (worn) {rN++ MR- rCorr}
   (You found it on level 2 of the Dungeon)

   It greatly protects you from negative energy.
   It affects your resistance to hostile enchantments.
   It provides partial protection from all sources of acid and corrosion.
 B - a +1 leather armour
Jewellery
 o - a cursed ring of teleportation (left hand)
   (You found it in a sewer)
Scrolls
 f - a scroll of amnesia {unknown}
 g - a scroll of magic mapping {unknown}
 i - a scroll of remove curse {unknown}
 k - 2 scrolls of fear
Potions
 e - a potion of heal wounds {unknown}
 h - a potion of haste
 n - a potion of ambrosia {unknown}
 p - a potion of might {unknown}
Comestibles
 d - 3 rations


   Skills:
 + Level 4.9 Fighting
 + Level 1.7 Short Blades
 + Level 1.7 Long Blades
 + Level 1.7 Axes
 + Level 1.7 Maces & Flails
 + Level 4.9 Polearms
 + Level 1.7 Staves
 + Level 1.7 Slings
 + Level 1.7 Bows
 + Level 1.7 Crossbows
 + Level 1.7 Throwing
 + Level 3.1 Armour
 + Level 4.9 Dodging
 + Level 1.7 Stealth
 + Level 1.7 Shields
 + Level 1.7 Unarmed Combat
 + Level 5.3 Spellcasting
 + Level 1.3 Conjurations
 + Level 1.3 Hexes
 + Level 5.6 Charms
 + Level 1.3 Summonings
 + Level 1.3 Necromancy
 + Level 1.3 Translocations
 + Level 1.3 Transmutations
 + Level 1.3 Fire Magic
 + Level 1.3 Ice Magic
 + Level 1.3 Air Magic
 + Level 1.3 Earth Magic
 + Level 1.3 Poison Magic
 + Level 2.0 Invocations
 + Level 1.7 Evocations


You had 4 spell levels left.
You knew the following spells:

 Your Spells              Type           Power        Failure   Level  Hunger
g - Shroud of Golubria    Chrm/Tloc      ###.......   9%          2    #......
i - Infusion              Chrm           ####         2%          1    None
r - Regeneration          Chrm/Necr      ###.......   16%         3    ##.....
w - Spectral Weapon       Hex/Chrm       ###.....     16%         3    ##.....
y - Song of Slaying       Chrm           ####....     3%          2    #......

Your spell library contained the following spells:

 Spells                   Type           Power        Failure   Level  Hunger


Dungeon Overview and Level Annotations

Branches:
Dungeon (4/15)
 Temple: D:4-7

Altars:
Elyvilon
Gozag
Ru
Xom
Zin


Innate Abilities, Weirdness & Mutations

Your experience applies equally to all skills.
You have very sharp teeth.
Your uncanny sense of smell can sniff out nearby items.


Message History

Some shallow water.
You hit the ball python.
You kill the ball python!
You feel sick.
You hear a loud, deep croak!
The ball python bites you but does no damage.
The ball python grabs you. The ball python constricts you.
The adder bites you but does no damage. The bullfrog hits you.
Unknown command.
It was a potion of magic.
Magic courses through your body.
The ball python bites you but does no damage.
The ball python constricts you.
The ball python bites you but does no damage.
The adder bites you but does no damage.
A bullfrog comes into view.
The bullfrog hits you.
Casting: Spectral Weapon (safe; 22% risk of failure)
Confirm with . or Enter, or press ? or * to list all spells.
You draw out your weapon's spirit!
The ball python bites you but does no damage. x2
The ball python constricts you.
The ball python bites you but does no damage.
The adder bites you but does no damage. The bullfrog hits you.
Unknown command.
Unknown command.
Press: ? - help, v - describe, . - travel
Here: a ball python (constricting you) Some shallow water.
Attack whom?
Press: ? - help, Dir - move target cursor, f - ball python
Aim: a ball python (constricting you)
You completely miss the ball python.
The ball python bites you but does no damage.
Attack whom?
Press: ? - help, Dir - move target cursor, f/p - ball python
Aim: a ball python (constricting you)
You hit the ball python. Your bite misses the ball python.
The ball python is moderately wounded.
You feel sick.
Your spectral weapon misses the ball python.
The ball python bites you but does no damage.
The ball python constricts you. The bullfrog hits you!
* * * LOW HITPOINT WARNING * * *
Attack whom?
Press: ? - help, Dir - move target cursor, f/p - ball python
Aim: a ball python (moderately wounded, constricting you)
You hit the ball python.
You kill the ball python!
The ball python bites you.
* * * LOW HITPOINT WARNING * * *
The ball python barely misses you. The bullfrog misses you.
The adder misses you.
It was a potion of berserk rage.
A red film seems to cover your vision as you go berserk!
You feel yourself moving faster!
You feel mighty! The bullfrog hits you.
* * * LOW HITPOINT WARNING * * *
The ball python bites you.
* * * LOW HITPOINT WARNING * * *
The ball python grabs you. The ball python constricts you.
The adder bites you but does no damage. The adder bites you.
* * * LOW HITPOINT WARNING * * *
You are more poisoned.
The adder poisons you!
The ball python bites you but does no damage.
You barely miss the ball python. You bite the ball python.
You kill the ball python!
You feel sick. The bullfrog barely misses you.
The ball python barely misses you. The ball python grabs you.
* * * LOW HITPOINT WARNING * * *
The ball python constricts you. The adder bites you but does no damage.
Unknown command.
You hit the ball python.
You kill the ball python!
The adder bites you but does no damage. The bullfrog hits you.
* * * LOW HITPOINT WARNING * * *
The ball python barely misses you. The ball python grabs you.
* * * LOW HITPOINT WARNING * * *
The ball python constricts you.
Unknown command.
You are too berserk!
Unknown command.
Your ring mail of the Vacuum prevents you from hitting the bullfrog.
Your bite misses the bullfrog.
You feel sick.
Your spectral weapon hits the bullfrog.
The bullfrog hits you!
* * * LOW HITPOINT WARNING * * *
The adder misses you. The adder barely misses you. The bullfrog hits you.
* * * LOW HITPOINT WARNING * * *
The ball python bites you.
* * * LOW HITPOINT WARNING * * *
The ball python constricts you.
You impale the bullfrog!! You bite the bullfrog.
You kill the bullfrog!
Your Invocations skill increases to level 2!
You have reached level 6!
Your experience leads to an increase in your attributes!
Your base attributes are Str 13, Int 17, Dex 14.
Increase (S)trength, (I)ntelligence, or (D)exterity?
You feel clever. The adder bites you.
You die...

†≈≈≈≈#
#####≈≈≈≈≈≈#
≈≈≈≈≈#
#≈≈≈≈≈≈#
≈≈≈≈≈#
#≈≈≈≈≈≈#
≈≈≈≈≈#
#≈≈≈≈≈≈#
≈≈≈≈≈#
#≈≈≈≈≈≈#
..≈≈##
#≈≈≈≈#≈#
≈[..≈#
#≈≈≈≈≈≈#
...≈##
#≈≈≈†(≈#
≈≈≈≈≈#
#≈≈≈S@S#
≈≈≈≈≈#
#≈≈≈#SF#
≈≈≈≈≈#
#≈≈≈≈S≈#
≈≈≈≈≈#
#≈≈≈≈≈≈#
≈≈≈≈≈#
#≈≈≈≈≈≈#
≈≈≈≈≈#
#≈≈≈≈≈≈#
≈≈≈≈≈#
#≈≈#≈≈≈#
≈≈.≈##
#..≈≈≈.#
.....#
#S.....#


You could see a bullfrog, 2 adders, 2 ball pythons and a friendly spectral +0
spear.

Vanquished Creatures
  A bullfrog (Sewer)
  9 adders
  3 river rats (Sewer)
  A worm (D:2)
  4 dart slugs
  5 leopard geckos
  8 ball pythons (Sewer)
  A giant cockroach (D:2)
  A goblin (D:2)
  5 hobgoblins
  3 kobolds
  2 frilled lizards
  27 rats
70 creatures vanquished.

Vanquished Creatures (others)
  A spectral weapon (Sewer)
1 creature vanquished.

Grand Total: 71 creatures vanquished

Notes
Turn   | Place    | Note
-------+----------+-------------------------------------------
     0 | D:1      | tidbits the Gnoll Skald began the quest for the Orb.
     0 | D:1      | Reached XP level 1. HP: 20/20 MP: 6/6
    78 | D:1      | Reached XP level 2. HP: 12/26 MP: 0/7
    82 | D:1      | Learned a level 2 spell: Song of Slaying
    85 | D:1      | Learned a level 2 spell: Shroud of Golubria
   240 | D:1      | Reached XP level 3. HP: 28/31 MP: 6/9
   245 | D:1      | Learned a level 3 spell: Regeneration
   249 | D:1      | Learned a level 3 spell: Spectral Weapon
   304 | D:2      | Found an opulent altar of Gozag.
   338 | D:2      | Reached skill level 5 in Spellcasting
   421 | D:2      | Found a sacrificial altar of Ru.
   421 | D:2      | Found a shimmering altar of Xom.
   426 | D:2      | Found a faded altar of an unknown god.
   428 | D:2      | Found a white marble altar of Elyvilon.
   436 | D:2      | Found a glowing silver altar of Zin.
   538 | D:2      | Reached skill level 1 in Invocations
   550 | D:2      | Reached skill level 1 in Short Blades
   550 | D:2      | Reached skill level 1 in Long Blades
   550 | D:2      | Reached skill level 1 in Axes
   550 | D:2      | Reached skill level 1 in Maces & Flails
   550 | D:2      | Reached skill level 1 in Staves
   550 | D:2      | Reached skill level 1 in Slings
   550 | D:2      | Reached skill level 1 in Bows
   550 | D:2      | Reached skill level 1 in Crossbows
   550 | D:2      | Reached skill level 1 in Throwing
   550 | D:2      | Reached skill level 1 in Stealth
   550 | D:2      | Reached skill level 1 in Shields
   550 | D:2      | Reached skill level 1 in Unarmed Combat
   550 | D:2      | Reached skill level 1 in Evocations
   550 | D:2      | Reached XP level 4. HP: 25/38 MP: 6/11
   558 | D:2      | Got a brightly glowing ring mail
   569 | D:2      | Identified the +2 ring mail of the Vacuum {rN++ MR- rCorr}
                  | (You found it on level 2 of the Dungeon)
   628 | D:3      | Found a glowing drain.
   634 | Sewer    | Entered a sewer
   705 | Sewer    | Reached skill level 1 in Conjurations
   705 | Sewer    | Reached skill level 1 in Hexes
   705 | Sewer    | Reached skill level 1 in Summonings
   705 | Sewer    | Reached skill level 1 in Necromancy
   705 | Sewer    | Reached skill level 1 in Translocations
   705 | Sewer    | Reached skill level 1 in Transmutations
   705 | Sewer    | Reached skill level 1 in Fire Magic
   705 | Sewer    | Reached skill level 1 in Ice Magic
   705 | Sewer    | Reached skill level 1 in Air Magic
   705 | Sewer    | Reached skill level 1 in Earth Magic
   705 | Sewer    | Reached skill level 1 in Poison Magic
   735 | Sewer    | Reached XP level 5. HP: 29/43 MP: 9/12
   803 | Sewer    | Reached skill level 3 in Armour
   868 | Sewer    | HP: 7/64 [bullfrog (7)]
   868 | Sewer    | HP: 3/64 [ball python (2)]
   869 | Sewer    | Reached skill level 2 in Invocations
   869 | Sewer    | Reached XP level 6. HP: 3/50 MP: 9/13
   869 | Sewer    | Slain by an adder

Vault maps used:
D:1:      dpeg_arrival_central
D:2:      chequers_temple_overflow_minitemple, lemuel_coloured_pillars_altar,
          first_ration, nrook_loot_triangle, grunt_ministairs_10,
          nicolae_gozag_seed_capital
D:3:      portal_sewer_entry_d, hex_large, kennysheep_generic_room_3
D:4:      uniq_ijyb, uniq_duvessa, uniq_blork_the_orc
Sewer:    sewer_minmay_w

Skill      XL: |  1  2  3  4  5 |
---------------+----------------+-----
Spellcasting   | 5 |  5.3
Invocations    | 1 2 |  2.0
Short Blades   | 1 |  1.7
Long Blades    | 1 |  1.7
Axes           | 1 |  1.7
Maces & Flails | 1 |  1.7
Staves         | 1 |  1.7
Slings         | 1 |  1.7
Bows           | 1 |  1.7
Crossbows      | 1 |  1.7
Throwing       | 1 |  1.7
Stealth        | 1 |  1.7
Shields        | 1 |  1.7
Unarmed Combat | 1 |  1.7
Evocations     | 1 |  1.7
Conjurations   | 1 |  1.3
Hexes          | 1 |  1.3
Summonings     | 1 |  1.3
Necromancy     | 1 |  1.3
Translocations | 1 |  1.3
Transmutations | 1 |  1.3
Fire Magic     | 1 |  1.3
Ice Magic      | 1 |  1.3
Air Magic      | 1 |  1.3
Earth Magic    | 1 |  1.3
Poison Magic   | 1 |  1.3
Armour         | 3 |  3.1
Fighting       | |  4.9
Polearms       | |  4.9
Dodging        | |  4.9
Charms         | |  5.6

Action                   |  1- 3 |  4- 6 || total
-------------------------+-------+-------++-------
Melee: Spear             |    74 |   100 ||   174
       Bite              |     4 |     9 ||    13
       Punch             |     1 |     1 ||     2
 Cast: Infusion          |     4 |       ||     4
       Spectral Weapon   |     4 |     8 ||    12
       Regeneration      |     2 |     1 ||     3
       Song of Slaying   |       |     4 ||     4
       Shroud of Golubri |       |     1 ||     1
  Use: Scroll            |       |     4 ||     4
       Potion            |       |     4 ||     4
 Stab: Sleeping          |     2 |       ||     2
       Distracted        |     1 |       ||     1
       Invisible         |       |     4 ||     4
  Eat: Ration            |       |     1 ||     1
Armor: Leather armour    |     7 |       ||     7
       Ring mail         |       |    54 ||    54
Dodge: Dodged            |    36 |   112 ||   148

Table legend:
 A = Non-vault XP
 B = Vault XP
 C = Vault XP percentage of total XP
 D = Non-vault monster count
 E = Vault monster count
 F = Vault count percentage of total count
                 A         B        C        D         E       F
            +---------+---------+-------+---------+---------+-------
      Total |      70 |     273 |  79.6 |      24 |      46 |  65.7
            +---------+---------+-------+---------+---------+-------
        D:1 |      33 |       0 |   0.0 |      14 |       0 |   0.0
        D:2 |      37 |      15 |  28.8 |      10 |       2 |  16.7
        D:3 |       0 |      13 | 100.0 |       0 |       1 | 100.0
      Sewer |       0 |     245 | 100.0 |       0 |      43 | 100.0
            +---------+---------+-------+---------+---------+-------

Table legend:
 A = Turns spent in this place as a percentage of turns spent in the entire game.
 B = Non-inter-level travel turns spent in this place as a percentage of non-inter-level travel turns spent in the entire game.
 C = Inter-level travel turns spent in this place as a percentage of turns spent in this place.
 D = Turns resting spent in this place as a percentage of non-inter-level travel turns spent in this place.
 E = Turns spent auto-exploring this place as a percentage of non-inter-level travel turns spent in this place.
 F = Non-inter-level travel turns spent in this place divided by the number of levels of this place that you've seen.
                   A       B       C       D       E      F
               +-------+-------+-------+-------+-------+----------------------
         Total | 100.0 | 100.0 |   4.6 |   0.0 |   0.0 | 165.8
       Dungeon |  73.0 |  71.7 |   6.3 |   0.0 |   0.0 | 148.5
         Sewer |  27.0 |  28.3 |   0.0 |   0.0 |   0.0 | 235.0
               +-------+-------+-------+-------+-------+----------------------

Table legend:
 A = Kills in this place as a percentage of kills in entire the game.
 B = Kills by you in this place as a percentage of kills by you in the entire game.
 C = Kills by friends in this place as a percentage of kills by friends in the entire game.
 D = Other kills in this place as a percentage of other kills in the entire game.
 E = Experience gained in this place as a percentage of experience gained in the entire game.
 F = Experience gained in this place divided by the number of levels of this place that you have seen.
                   A       B       C       D       E      F
               +-------+-------+-------+-------+-------+----------------------
         Total | 100.0 | 100.0 |   N/A |   N/A | 100.0 |  68.6
       Dungeon |  38.6 |  38.6 |   N/A |   N/A |  28.6 |  24.5
         Sewer |  61.4 |  61.4 |   N/A |   N/A |  71.4 | 245.0
               +-------+-------+-------+-------+-------+----------------------

Vault maps used:
D:1:      dpeg_arrival_central
D:2:      chequers_temple_overflow_minitemple, lemuel_coloured_pillars_altar,
          first_ration, nrook_loot_triangle, grunt_ministairs_10,
          nicolae_gozag_seed_capital
D:3:      portal_sewer_entry_d, hex_large, kennysheep_generic_room_3
D:4:      uniq_ijyb, uniq_duvessa, uniq_blork_the_orc
Sewer:    sewer_minmay_w
